 Dungeon Crawl Stone Soup version 0.21-a0-38-g95c5c02 (webtiles) character file.

1549 Ijustatesigmund the Conjurer (level 8, -12/54 HPs)
             Began as an Octopode Conjurer on May 24, 2017.
             Mangled by an ogre
             ... wielding a +0 giant spiked club
              (16 damage)
             ... on level 5 of the Dungeon on May 29, 2017.
             The game lasted 00:23:46 (7787 turns).

Ijustatesigmund the Conjurer (Octopode Conjurer)    Turns: 7787, Time: 00:23:47

Health: -12/54     AC:  1    Str:  7    XL:     8   Next: 87%
Magic:  7/14       EV: 12    Int: 20    God:
Gold:   325        SH:  0    Dex: 16    Spells: 2/16 levels left

rFire    . . .     SeeInvis .   s - +4 short sword
rCold    . . .     Gourm    .   (no shield)
rNeg     . . .     Faith    .   (helmet restricted)
rPois    +         Spirit   .   (no amulet)
rElec    .         Reflect  .   j - +2 ring of dexterity
rCorr    .         Harm     .   e - ring of poison resistance
MR       .....                  (no ring)
Stlth    +++.......             (no ring)
Regen    0.2/turn               (no ring)
MPRegen  0.2/turn               (no ring)
                                (no ring)
                                (no ring)

@: heavily drained
A: almost no armour, stealthy swim, amphibious, 8 rings, constrict 8, camouflage
1, clever 1, mutation resistance 1, gelatinous body 1
a: no special abilities


You were on level 5 of the Dungeon.
You were not hungry.

You visited 1 branch of the dungeon, and saw 5 of its levels.
You also visited: Sewer and Ossuary.

You collected 325 gold pieces.

Inventory:

Hand Weapons
 r - a +3 quarterstaff of chaos
 s - a +4 short sword (weapon)
Jewellery
 e - a ring of poison resistance (right tentacle)
 j - a +2 ring of dexterity (left tentacle)
Scrolls
 h - a scroll of fear
 k - 2 scrolls of enchant armour
 l - a scroll of recharging
 m - 5 scrolls of remove curse
 n - 3 scrolls of teleportation
 t - a scroll of identify
Potions
 c - a potion of cancellation
 d - a potion of brilliance
 f - a potion of heal wounds
 g - 5 potions of flight
 o - a potion of mutation
 p - a potion of invisibility
 q - a potion of might
Books
 a - a book of Conjurations

   Spells                             Type                      Level
   a - Magic Dart                     Conjuration                  1
   b - Searing Ray                    Conjuration                  2
   c - Dazzling Spray                 Conjuration/Hexes            3
   d - Fulminant Prism                Conjuration/Hexes            4
   e - Force Lance                    Conjuration/Translocation    4
   f - Iskenderun's Mystic Blast      Conjuration                  4
Comestibles
 b - 3 bread rations
 i - 3 meat rations


   Skills:
 - Level 4.4(2.7) Fighting
 - Level 2.0(0.4) Dodging
 - Level 2.6(1.0) Stealth
 - Level 0.2(0.0) Unarmed Combat
 - Level 4.5(2.8) Spellcasting
 + Level 7.3(5.4) Conjurations
 + Level 5.2(3.5) Hexes
   Level 2.1(0.5) Translocations


You had 2 spell levels left.
You knew the following spells:

 Your Spells              Type           Power        Failure   Level  Hunger
a - Magic Dart            Conj           ###.         1%          1    None
b - Searing Ray           Conj           ###...       2%          2    ##.....
c - Dazzling Spray        Conj/Hex       ###...       7%          3    ###....
d - Iskenderun's Mystic   Conj           ###.....     16%         4    ####...
e - Fulminant Prism       Conj/Hex       ###.......   22%         4    ####...


Dungeon Overview and Level Annotations

Branches:
Dungeon (5/15)
 Temple: D:4-7

Altars:
Ashenzari
Cheibriados
Gozag
Nemelex Xobeh
Qazlal
Ru
Wu Jian


Innate Abilities, Weirdness & Mutations

You cannot wear most types of armour.
You are very stealthy in the water. (Stealth+)
You are amphibious.
You can wear up to eight rings at the same time.
You can use your tentacles to constrict eight enemies at once.
Your skin changes colour to match your surroundings (Stealth+).
Your rubbery body absorbs attacks. (AC +1, EV +1)
Your mind is acute. (Int +2)
You are somewhat resistant to further mutation.


Message History

Confirm with . or Enter, or press ? or * to list all spells.
Aiming: Magic Dart
Press: ? - help, Shift-Dir - straight line, f/p - ogre
Aim: an ogre, wielding a giant spiked club (moderately wounded)
The magic dart hits the ogre.
The ogre is heavily wounded.
The centaur shoots an arrow.
The arrow hits you!
* * * LOW HITPOINT WARNING * * *
The ogre misses you.
Casting: Magic Dart
Confirm with . or Enter, or press ? or * to list all spells.
Aiming: Magic Dart
Press: ? - help, Shift-Dir - straight line, f/p - ogre
Aim: an ogre, wielding a giant spiked club (heavily wounded)
The magic dart hits the ogre.
The ogre is heavily wounded.
The centaur shoots an arrow.
The arrow hits you!
* * * LOW HITPOINT WARNING * * *
The ogre hits you with a giant spiked club!
You die...

.# .# . ..#.. # #. #.
.... ..... #.# ...#
..#.. #.####...#
#.#.##. #.##.O...#
..#... #.#(@.c..#
..#.# #.#.#.##....
....### #...#.# .
......### #..##.#
....#...#####..##.#..
...####..........)..#
.".....####...##..#..
.......# ##..# .....
>.....[# ..........


You could see an ogre and a centaur.

Vanquished Creatures
  Grinder (D:3)
  An ice beast (D:5)
  A big kobold (Sewer)
  Blork the orc (D:4)
  11 scorpions
  A centaur zombie (Ossuary)
  An orc wizard (D:4)
  Crazy Yiuf (D:3)
  3 human zombies (Ossuary)
  A hound (D:4)
  A centaur skeleton (D:4)
  Jessica (D:2)
  An iguana (D:4)
  2 worker ants (D:4)
  2 big kobold zombies (Ossuary)
  3 mummies
  7 adders
  4 scorpion zombies (Ossuary)
  2 river rats
  An ooze (D:2)
  2 worms
  A dart slug (D:2)
  4 leopard geckos
  9 orcs
  2 ball pythons
  4 giant cockroaches
  3 gnoll zombies (Ossuary)
  9 goblins
  4 hobgoblins
  8 jackals
  13 kobolds
  6 bats
  4 frilled lizards
  3 goblin zombies
  4 hobgoblin zombies (Ossuary)
  2 kobold zombies (Ossuary)
  An orc zombie (D:4)
  A quokka zombie (D:3)
  13 rats
  A fungus (D:3)
140 creatures vanquished.

Vanquished Creatures (others)
  A mummy (Ossuary)
  2 scorpion zombies (Ossuary)
3 creatures vanquished.

Grand Total: 143 creatures vanquished

Notes
Turn   | Place    | Note
-------+----------+-------------------------------------------
     0 | D:1      | Ijustatesigmund the Octopode Conjurer began the quest for the Orb.
     0 | D:1      | Reached XP level 1. HP: 11/11 MP: 3/3
   201 | D:3      | Found a glowing drain.
   205 | D:3      | Reached XP level 2. HP: 12/17 MP: 5/5
   209 | D:3      | Learned a level 2 spell: Searing Ray
   229 | Sewer    | Entered a sewer
   347 | Sewer    | Reached skill level 1 in Fighting
   560 | Sewer    | Noticed a big kobold
   670 | Sewer    | Reached XP level 3. HP: 23/23 MP: 2/6
   716 | Sewer    | Killed a big kobold
   716 | Sewer    | Reached XP level 4. HP: 30/30 MP: 0/8
   830 | Sewer    | Found a white marble altar of Elyvilon.
   918 | D:3      | Noticed Grinder
  1114 | D:2      | Found a snail-covered altar of Cheibriados.
  1299 | D:1      | Reached XP level 5. HP: 35/35 MP: 4/10
  1856 | D:2      | Noticed Jessica
  1861 | D:2      | Killed Jessica
  2717 | D:4      | Reached XP level 6. HP: 31/42 MP: 6/12
  2776 | D:4      | Found a sacrificial altar of Ru.
  2867 | D:4      | Found a sand-covered staircase.
  2917 | D:4      | Learned a level 4 spell: Force Lance
  2918 | Ossuary  | Entered an ossuary
  3819 | Ossuary  | Reached XP level 7. HP: 29/49 MP: 8/13
  3908 | Ossuary  | Reached skill level 1 in Translocations
  4432 | Ossuary  | Learned a level 3 spell: Dazzling Spray
  4622 | Ossuary  | Reached skill level 5 in Conjurations
  4640 | Ossuary  | Reached skill level 1 in Hexes
  5088 | Ossuary  | Reached XP level 8. HP: 10/54 MP: 0/14
  5382 | Ossuary  | Reached skill level 6 in Conjurations
  5582 | Ossuary  | Gained mutation: Your mind is acute. (Int +2) [potion of mutation]
  5582 | Ossuary  | Gained mutation: You are somewhat resistant to further mutation. [potion of mutation]
  5822 | D:3      | Found a faded altar of an unknown god.
  6004 | D:3      | Found a stormy altar of Qazlal.
  6042 | D:3      | Killed Grinder
  6259 | D:3      | Found a runed door.
  6263 | D:3      | Noticed Crazy Yiuf
  6267 | D:3      | Killed Crazy Yiuf
  6439 | D:4      | Noticed Blork the orc
  6451 | D:4      | Killed Blork the orc
  6488 | D:5      | Entered Level 5 of the Dungeon
  7079 | D:4      | Upgraded the game from 0.21-a0-19-g210df22 to 0.21-a0-38-g95c5c02
  7084 | D:4      | Learned a level 4 spell: Iskenderun's Mystic Blast
  7089 | D:4      | Learned a level 4 spell: Fulminant Prism
  7250 | D:4      | Reached skill level 7 in Conjurations
  7259 | D:4      | Found a shattered altar of Ashenzari.
  7320 | D:4      | Found a sparkling altar of Nemelex Xobeh.
  7474 | D:4      | Found an opulent altar of Gozag.
  7479 | D:4      | Reached skill level 5 in Hexes
  7490 | D:4      | Found an ornate altar of the Wu Jian Council.
  7787 | D:5      | Mangled by an ogre

Vault maps used:
D:1:      dpeg_arrival_shrine
D:2:      cheibriados_altar_1, uniq_jessica
D:3:      chequers_ecumenical_altar_simple, portal_sewer_entry_a,
          grunt_qazlal_clouds, uniq_grinder, uniq_crazy_yiuf_cottage
D:4:      overflow_temple_1_default, nicolae_overflow_quartered_altars,
          nicolae_ossuary_entry_giza, uniq_blork_the_orc
D:5:      old_standard_altar, first_bread, grunt_decor_resistance,
          hangedman_abyss_or_decor_passed, uniq_menkaure
Sewer:    sewer_kobolds
Ossuary:  ossuary_minmay_scorpions

Skill      XL: |  1  2  3  4  5  6  7  8 |
---------------+-------------------------+-----
Fighting       | 1 2 3 4 |  4.4
Spellcasting   | 3 4 |  4.5
Translocations | 2 |  2.1
Conjurations   | 5 7 |  7.3
Hexes          | 2 5 |  5.2
Dodging        | |  2.0
Stealth        | |  2.6
Unarmed Combat | |  0.2

Action                   |  1- 3 |  4- 6 |  7- 9 || total
-------------------------+-------+-------+-------++-------
Melee: Unarmed           |    10 |       |       ||    10
       Dagger            |    13 |    51 |    42 ||   106
       Constrict         |     8 |    11 |    20 ||    39
       Tentacles         |     3 |     9 |    30 ||    42
       Short sword       |       |       |    56 ||    56
 Cast: Magic Dart        |    16 |   118 |   145 ||   279
       Searing Ray       |     1 |     9 |    19 ||    29
       Force Lance       |       |       |     1 ||     1
  Use: Scroll            |       |     8 |     5 ||    13
       Potion            |       |     9 |     2 ||    11
 Stab: Sleeping          |     6 |     2 |     5 ||    13
  Eat: Chunk             |       |     6 |     5 ||    11
       Bread ration      |       |     1 |     1 ||     2
       Royal jelly       |       |     1 |       ||     1
Armor: Skin              |     3 |     3 |     4 ||    10
Dodge: Dodged            |    17 |    47 |   100 ||   164
